 Dungeon Crawl Stone Soup version 0.31-b1-12-gca42e3d1b8 (webtiles) character file.

Game seed: 15582187484036039377

33 hawla the Scratcher (level 3, 0/18 HPs)
             Began as a Felid Shapeshifter on Jan 14, 2024.
             Succumbed to an adder's poison
             ... on level 2 of the Dungeon.
             The game lasted 00:02:54 (874 turns).

hawla the Scratcher (Felid Shapeshifter)             Turns: 874, Time: 00:02:54

Health: 0/18       AC:  1    Str: 10    XL:     3   Next: 12%
Magic:  4/4        EV: 17    Int: 15    God:
Gold:   96         SH:  0    Dex: 15    Spells: 2/2 levels left
                                        Lives:  0   Deaths: 1

rFire   . .          .
                       - Unarmed
rCold   . . .        (shield unavailable)
rNeg    . . .        (body armour unavailable)
rPois   .            (helmet unavailable)
rElec   .            (cloak unavailable)
rCorr   .            (gloves unavailable)
SInv    +            (boots unavailable)
Will    .....        (no amulet)
Stlth   ++           (no ring)
HPRegen 0.23/turn    (no ring)
MPRegen 0.09/turn

%: no passive effects
@: lethally poisoned (0 -> -5), beast-form
A: beast (slay +1), very small, claws 1, fangs 3, see invisible, shaggy fur 1,
stealthy paws, no weapons or thrown items, no armour, multi-lived
a: Begin Untransformation


You were on level 2 of the Dungeon.
You were a hulking beast.
You visited 1 branch of the dungeon, and saw 2 of its levels.

You collected 96 gold pieces.

Inventory:

Missiles
 e - 5 poisoned darts
Talismans
 b - a beast talisman
 c - a flux talisman
Scrolls
 a - a scroll of identify {unknown}
Potions
 d - a potion of heal wounds {unknown}


   Skills:
 + Level 1.0 Fighting
 + Level 3.0 Dodging
 + Level 0.4 Stealth
 + Level 3.6 Unarmed Combat
 + Level 3.1 Shapeshifting


You had 2 spell levels left.
You didn't know any spells.
Your spell library was empty.

Dungeon Overview and Level Annotations

Branches:
Dungeon (2/15)

Altars:


Innate Abilities, Weirdness & Mutations

You are a hulking beast.
Your limbs bulge with bestial killing power. (Slay +1)
You have sharp claws.
You have razor-sharp teeth.
You have supernaturally acute eyesight. (SInv)
You are covered in fur. (AC +1)
Your paws help you pounce on unaware monsters.
You are incapable of wielding weapons or throwing items.
You cannot wear armour.
You gain extra lives every three experience levels.


Message History

As you open the door, it creaks loudly!
There is an open door here.
Found a stone staircase leading down.
Found a short sword.
No target in view!
a - a scroll labelled ZURERI KAURUPP An endoplasm comes into view.
An endoplasm is nearby!
You see here a +0 short sword.
The endoplasm quivers.
An adder and a ball python come into view.
The ball python hisses angrily.
The endoplasm jiggles.
The adder hisses angrily.
You scratch the endoplasm.
The endoplasm is severely wounded.
The endoplasm hits you.
You scratch the endoplasm but do no damage.
The endoplasm is severely wounded.
The endoplasm freezes you.
You are frozen.
You scratch the endoplasm.
The endoplasm is almost dead.
The endoplasm barely misses you.
You barely miss the endoplasm.
The endoplasm is almost dead.
The endoplasm freezes you.
You are frozen.
You scratch the endoplasm.
You kill the endoplasm!
The adder attacks as it pursues you! The adder bites you.
* * * LOW HITPOINT WARNING * * *
The adder attacks as it pursues you! The adder bites you.
* * * LOW HITPOINT WARNING * * *
You are lethally poisoned!
The adder poisons you! The adder closely misses you.
* * * LOW HITPOINT WARNING * * *
You feel sick. The adder attacks as it pursues you! The adder bites you.
* * * LOW HITPOINT WARNING * * *
You die...

##.#..#.#.#.#.# #....# ####
<......)....#.#.#....# ....
.#.#.###.####.#.#....#### .....
........†.....#.# ......# .....
####.###.######.##+#....#......
.....# #.# #.##.#....#......
###### #.# #.##.#.........#
########.######.##.#.).......#
.......)........h.SS.........+
.....................#.......#
.#################...........#
.# ...#.........# '##
###.#........... ..#
#.#.#.#####.## ..# #.#..... .#
..# #.####.. ..#


You could see an adder and a ball python.

Vanquished Creatures
  3 endoplasms
  A giant cockroach (D:2)
  3 goblins
  5 hobgoblins (D:1)
  3 quokkas (D:1)
  2 ball pythons
  4 bats
  2 frilled lizards (D:1)
  2 kobolds (D:1)
  5 rats (D:1)
30 creatures vanquished.

Notes
Turn   | Place    | Note
-------+----------+-------------------------------------------
     0 | D:1      | hawla the Felid Shapeshifter began the quest for the Orb.
     0 | D:1      | Reached XP level 1. HP: 10/10 MP: 2/2
   118 | D:1      | Slain by a quokka
   118 | D:1      | Lost a life (0 lives remaining)
   119 | D:1      | Found a faded altar of an unknown god.
   177 | D:1      | Reached XP level 2. HP: 14/14 MP: 3/3
   720 | D:2      | Reached XP level 3. HP: 18/18 MP: 4/4
   797 | D:2      | Identified the +0 robe of Watchfulness {Int+3 Archmagi}
   874 | D:2      | Succumbed to an adder's poison

Illustrated notes

Levels and vault maps discovered:
D:1:      evilmike_arrival_plus, layout_basic, chequers_ecumenical_altar_simple
D:2:      layout_basic

Skill      XL: |  1  2 |
---------------+-------+-----
Shapeshifting  | 3 |  3.1
Dodging        | 3 |  3.0
Fighting       | |  1.0
Stealth        | |  0.4
Unarmed Combat | |  3.6

Action                     || total
---------------------------++-------
  Melee: Unarmed           ||    59
         Punch             ||     2
         Bite              ||     2
    Use: Potion            ||     2
         Scroll            ||     2
   Stab: Sleeping          ||     3
 Armour: Skin              ||    30
  Dodge: Dodged            ||    41
